 Dungeon Crawl Stone Soup version 0.18-b1-2-gd0c887e (webtiles) character file.

1883 warlockg3 the Covert (level 9, -10/59 HPs)
             Began as an Octopode Assassin on Apr 29, 2016.
             Was an Initiate of Dithmenos.
             Mangled by an orc warrior
             ... wielding a +0 hand axe
              (13 damage)
             ... on level 5 of the Dungeon.
             The game lasted 00:41:00 (5941 turns).

warlockg3 the Covert (Octopode Assassin)            Turns: 5941, Time: 00:41:00

Health: -10/59     AC:  4    Str:  9    XL:     9   Next: 14%
Magic:  8/8        EV: 18    Int: 15    God:    Dithmenos [......]
Gold:   176        SH:  7    Dex: 16    Spells: 0 memorised, 8 levels left

rFire  . . .     SeeInvis .     b - +2 dagger
rCold  . . .     Gourm    .     v - +2 buckler {AC+3}
rNeg   . . .     Faith    .     (helmet restricted)
rPois  .         Spirit   .     (no amulet)
rElec  .         Dismiss  .     s - ring of resist corrosion
rCorr  +         Reflect  .     B - +2 ring of evasion
SustAt .         Harm     .     (no ring)
MR     .....                    (no ring)
Stlth  ++++++....               (no ring)
                                (no ring)
                                (no ring)
                                (no ring)

@: not resistant to hostile enchantments, very stealthy
A: almost no armour, amphibious, 8 rings, constrict 8, camouflage 1, clever 1,
low mp 1, weak 1, gelatinous body 1
a: Renounce Religion


You were on level 5 of the Dungeon.
You worshipped Dithmenos.
Dithmenos was noncommittal.
You were hungry.

You visited 1 branch of the dungeon, and saw 6 of its levels.

You collected 176 gold pieces.

Inventory:

Hand Weapons
 b - a +2 dagger (weapon)
 k - a +0 blowgun {z}
 w - a +0 battleaxe of flaming
 x - a +1 whip of venom
Missiles
 c - 39 poisoned needles
 d - 2 curare-tipped needles
Armour
 v - a +2 buckler of protection (worn)
 z - the +2 shield of the Evil One {SInv}
   (You found it on level 4 of the Dungeon)

   It lets you see invisible.
Jewellery
 s - a ring of resist corrosion (left tentacle)
 B - a +2 ring of evasion (right tentacle)
Wands
 i - a wand of paralysis (15/24)
 j - a wand of teleportation (5/9)
 y - a wand of acid (5/15)
 F - a wand of flame (1/48)
Scrolls
 e - 3 scrolls of blinking
 h - 2 scrolls of random uselessness {unknown}
 m - 2 scrolls of identify
 n - 2 scrolls of immolation
 o - 2 scrolls of remove curse
 p - 2 scrolls of magic mapping {unknown}
 r - a scroll of amnesia {unknown}
 u - 2 scrolls of enchant weapon {unknown}
 A - a scroll of teleportation {unknown}
Potions
 a - a potion of brilliance
 f - 2 potions of lignification
Books
 D - a book of Necromancy

   Spells                             Type                      Level
   a - Pain                           Necromancy                   1
   b - Animate Skeleton               Necromancy                   1
   c - Vampiric Draining              Necromancy                   3
   d - Regeneration                   Charms/Necromancy            3
   e - Animate Dead                   Necromancy                   4
   f - Control Undead                 Necromancy                   4
Comestibles
 l - a meat ration
 E - a royal jelly


   Skills:
 + Level 4.7 Fighting
 + Level 4.0 Short Blades
 + Level 3.0 Throwing
 + Level 6.4 Dodging
 + Level 10.8 Stealth
 + Level 2.8 Shields


You had 8 spell levels left.
You didn't know any spells.

Dungeon Overview and Level Annotations

Branches:
Dungeon (6/15)
 Temple: D:4-7

Altars:
Cheibriados
Dithmenos
Elyvilon
Makhleb
Okawaru
Sif Muna
Vehumet
Yredelemnul
Zin
The Shining One


Innate Abilities, Weirdness & Mutations

You cannot wear most types of armour.
You are amphibious.
You can wear up to eight rings at the same time.
You can use your tentacles to constrict eight enemies at once.
Your skin changes colour to match your surroundings (Stealth).
Your rubbery body absorbs attacks (AC +1).
Your mind is acute. (Int +2)
Your magical capacity is low (-10% MP).
You are weak. (Str -2)


Message History

The orc warrior is healed somewhat.
You release your grip on the orc warrior.
You release your grip on the orc priest.
The orc warrior hits you with a hand axe!
* * * LOW HITPOINT WARNING * * *
The orc priest miscasts a cantrip.
You climb upwards.
There is a stone staircase leading down here.
You hit the orc priest.
You kill the orc priest!
Dithmenos accepts your kill. The orc warrior completely misses you.
You are feeling hungry.
Things that are here:
an enchanted dagger; a leather armour; an orc corpse You hit the orc warrior.
You grab the orc warrior.
The orc warrior is lightly wounded.
You constrict the orc warrior, but do no damage.
The orc warrior hits you with a hand axe!
You die...

##### ##...##
##.###.## ##
#.#####.######
.#
#.##.....@o>.#
.#
#.##.##.####.#
.# ##.#.#>##
#.# .#
#.....## #.#
.# #.##### #.#
.#######.###
#.#
...........#
#.#
.#######.#.#
#.# .# #.#.#
###.#


You could see an orc warrior.

Vanquished Creatures
  The ghost of bollicks1999 the Covert, a novice OpAs (D:6)
  Sigmund (D:4)
  Edmund (D:4)
  An ice beast (D:5)
  5 ogres
  A giant frog (D:6)
  A scorpion (D:6)
  A crimson imp (D:5)
  4 orc priests
  2 orc wizards
  An iguana (D:6)
  4 worker ants
  A hound skeleton (D:5)
  5 adders
  3 oozes
  5 worms
  A dart slug (D:1)
  2 giant geckos
  14 orcs
  2 ball pythons
  5 bats
  3 giant cockroaches
  7 goblins
  6 hobgoblins
  7 jackals
  A quokka (D:6)
  4 giant newts
  4 kobolds
  9 rats
102 creatures vanquished.

Notes
Turn   | Place    | Note
--------------------------------------------------------------
     0 | D:1      | warlockg3 the Octopode Assassin began the quest for the Orb.
     0 | D:1      | Reached XP level 1. HP: 14/14 MP: 1/1
   174 | D:1      | Reached XP level 2. HP: 19/19 MP: 2/2
   753 | D:2      | Reached skill level 6 in Stealth
   753 | D:2      | Reached XP level 3. HP: 24/24 MP: 3/3
  1320 | D:2      | Reached XP level 4. HP: 30/30 MP: 4/4
  1565 | D:2      | Found a glowing golden altar of the Shining One.
  1566 | D:2      | Found a white marble altar of Elyvilon.
  1567 | D:2      | Found a glowing silver altar of Zin.
  1822 | D:3      | Reached skill level 7 in Stealth
  2362 | D:4      | Reached XP level 5. HP: 35/35 MP: 5/5
  2542 | D:4      | Noticed Edmund
  2556 | D:4      | Killed Edmund
  2556 | D:4      | Reached skill level 8 in Stealth
  2556 | D:4      | Reached XP level 6. HP: 25/42 MP: 6/6
  2721 | D:4      | Found a deep blue altar of Sif Muna.
  3160 | D:4      | Found an iron altar of Okawaru.
  3160 | D:4      | Found a shadowy altar of Dithmenos.
  3168 | D:4      | Became a worshipper of Dithmenos the Shadowed
  3234 | D:4      | Got a warped shield
  3236 | D:4      | Identified the +2 shield of the Evil One {SInv} (You found it on level 4 of the Dungeon)
  3329 | D:4      | Found a basalt altar of Yredelemnul.
  3338 | D:4      | Reached skill level 9 in Stealth
  3338 | D:4      | Reached XP level 7. HP: 46/46 MP: 7/7
  3589 | D:4      | Noticed Sigmund
  3601 | D:4      | Killed Sigmund
  3672 | D:5      | Entered Level 5 of the Dungeon
  3791 | D:5      | Reached skill level 1 in Shields
  3924 | D:5      | Reached skill level 10 in Stealth
  3924 | D:5      | Reached XP level 8. HP: 47/53 MP: 8/8
  3957 | D:5      | Found a radiant altar of Vehumet.
  3958 | D:5      | Found a burning altar of Makhleb.
  4564 | D:6      | Gained mutation: Your magical capacity is low (-10% MP). [potion of mutation]
  4564 | D:6      | Gained mutation: Your mind is acute. (Int +2) [potion of mutation]
  4564 | D:6      | Gained mutation: You are weak. (Str -2) [potion of mutation]
  4639 | D:6      | Noticed bollicks1999's ghost (novice OpAs)
  4999 | D:6      | Killed bollicks1999's ghost
  4999 | D:6      | Reached XP level 9. HP: 25/59 MP: 8/8
  5230 | D:6      | Found a snail-covered altar of Cheibriados.
  5356 | D:6      | HP: 2/59 [orc priest/divine providence (11)]
  5364 | D:6      | HP: 2/59 [orc/falchion (2)]
  5936 | D:6      | HP: 2/59 [orc warrior/hand axe (14)]
  5941 | D:5      | Mangled by an orc warrior

Skill      XL: |  1  2  3  4  5  6  7  8  9 |
---------------+----------------------------+-----
Stealth        | 6 7 8 9 10 | 10.8
Dodging        | 2 3 4 6 |  6.4
Fighting       | 3 4 |  4.7
Short Blades   | 3 4 |  4.0
Shields        | 1 2 |  2.8
Throwing       | 3 |  3.0

Action                   |  1- 3 |  4- 6 |  7- 9 || total
-------------------------+-------+-------+-------++-------
Melee: Dagger            |    60 |   107 |   204 ||   371
       Constrict         |    16 |    21 |    15 ||    52
       Tentacles         |     8 |    20 |    48 ||    76
 Fire: Blowgun           |       |       |    24 ||    24
  Use: Scroll            |       |     8 |     2 ||    10
       Potion            |       |       |     5 ||     5
 Stab: Sleeping          |    12 |    17 |     6 ||    35
       Distracted        |       |     1 |       ||     1
  Eat: Bread ration      |     1 |     1 |       ||     2
       Chunk             |       |       |     1 ||     1
       Fruit             |       |       |     3 ||     3
       Pizza             |       |       |     1 ||     1
       Beef jerky        |       |       |     1 ||     1
Armor: Skin              |     2 |    10 |    21 ||    33
Dodge: Dodged            |    27 |    40 |    77 ||   144
Block: Buckler           |       |     8 |    47 ||    55
